 Dungeon Crawl Stone Soup version 0.17-a0-1079-g9903972 (webtiles) character file.

567 potome the Skirmisher (level 7, -8/44 HPs)
             Began as a Gargoyle Berserker on May 19, 2015.
             Was a Believer of Trog.
             Mangled by an ogre
             ... wielding a +0 giant club
              (19 damage)
             ... on level 4 of the Dungeon.
             The game lasted 00:09:08 (3813 turns).

potome the Skirmisher (Gargoyle Berserker)          Turns: 3813, Time: 00:09:08

Health: -8/44      AC: 14    Str: 23    XL:     7   Next: 33%
Magic:  7/7        EV:  6    Int:  7    God:    Trog [**....]
Gold:   152        SH:  0    Dex:  9    Spells: 0 memorised, 6 levels left

rFire  . . .     SeeInvis .     a - +0 mace
rCold  . . .     Clarity  .     s - +0 chain mail
rNeg   + . .     SustAb   .     (no shield)
rPois  ∞         Gourm    .     (no helmet)
rElec  +         Spirit   .     (no cloak)
rCorr  .         Warding  .     (no gloves)
rMut   .         Stasis   .     (no boots)
MR     .....                    (no amulet)
Stlth  ..........               (no ring)
                                r - ring of stealth

@: exhausted, slowed, constricted, very slow, not resistant to hostile
enchantments, extremely unstealthy
A: negative energy resistance 1, electricity resistance, unbreathing,
petrification resistance, rot immunity, AC +4
a: Burn Spellbooks, Berserk, Trog's Hand, Renounce Religion


You were on level 4 of the Dungeon.
You worshipped Trog.
Trog was pleased with you.
You were not hungry.

You visited 1 branch of the dungeon, and saw 4 of its levels.
You also visited: Ossuary.

You collected 152 gold pieces.

Inventory:

Hand weapons
 a - a +0 mace (weapon)
Armour
 s - a +0 chain mail (worn)
Jewellery
 r - a ring of stealth (left hand)
Magical devices
 x - a wand of teleportation (2)
Scrolls
 e - a scroll of blinking {unknown}
 f - 2 scrolls of amnesia {unknown}
 i - 2 scrolls of remove curse {unknown}
 k - a scroll of fog {unknown}
 l - a scroll of enchant armour {unknown}
 m - 3 scrolls of teleportation {unknown}
 n - 5 scrolls of identify {unknown}
 q - a scroll of noise {unknown}
 t - a scroll of enchant weapon {unknown}
 u - a scroll of magic mapping {unknown}
Potions
 b - 4 potions of curing {unknown}
 g - a potion of ambrosia {unknown}
 h - 4 potions of degeneration {unknown}
 j - a potion of agility {unknown}
 o - 2 potions of lignification {unknown}
 p - a potion of heal wounds {unknown}
 v - a potion of mutation {unknown}
 w - a potion of cure mutation {unknown}
Comestibles
 c - 4 bread rations
 d - 2 meat rations


   Skills:
 + Level 5.4 Fighting
 + Level 5.3 Maces & Flails
 + Level 3.8 Armour
 - Level 3.1 Dodging
 - Level 1.0 Stealth


You had 6 spell levels left.
You didn't know any spells.

Dungeon Overview and Level Annotations

Branches:
Dungeon (4/15)
 Temple: D:4-7

Altars:
Cheibriados
Gozag
Qazlal
Ru
Trog

Shops:
D:4 ?


Innate Abilities, Weirdness & Mutations

You are resistant to torment.
Your stone body is resilient (AC +4).
You are immune to poison.
You resist negative energy.
You are resistant to electric shocks.
You can survive without breathing.
You are immune to petrification.
You are immune to rotting.


Message History

The ogre hits you but does no damage. The ogre barely misses you.
The ogre closely misses you. The ogre completely misses you.
The ogre hits you but does no damage. The ogre barely misses you.
The ogre closely misses you. The ogre barely misses you.
The ogre hits you but does no damage. The ogre barely misses you.
The ogre closely misses you.
A ball python comes into view.
The ogre hits you with a giant club!
* * * LOW HITPOINT WARNING * * *
The ball python barely misses you. The ball python grabs you.
The ball python constricts you.
You hit the ball python.
The ball python is moderately wounded.
The ball python completely misses you. The ball python constricts you.
The ogre hits you with a giant club!!
You die...

... #......'..........[...
#..######.)....#.#..##...###..
#.........######.#..<#.∩.# .
#.....##..#....#.##.##...#
#.....###.#.#............#
#.....###'#.#...####.##.(#
####...........#.....##.##..#
...+...........#S#.#.##.##..#
####...........#@#.#....##..#
#.......#......#O#..........#
#.....#.#.######.###.....#.##
#.....#.#.#<..##.###.....# #
......#.#.###.##.#.......#.#
##....#.#........#.##......#
#....#.#####......##...#..#
#....#..........#.##...# .
#....##########.####...####


You could see an ogre and a ball python.

Vanquished Creatures
  An ogre (D:4)
  A centaur (D:3)
  3 water moccasin zombies (Ossuary)
  A big kobold zombie (Ossuary)
  3 mummies
  A hound skeleton (D:4)
  A river rat (D:4)
  4 adders
  2 worms
  An adder skeleton (D:4)
  6 adder zombies (Ossuary)
  4 giant geckos (D:3)
  16 goblins
  10 hobgoblins
  2 quokkas
  5 bats
  8 giant cockroaches
  3 giant newts
  3 gnoll zombies (Ossuary)
  7 hobgoblin zombies
  6 kobolds
  5 kobold zombies (Ossuary)
  5 orc zombies
  14 rats
112 creatures vanquished.

Vanquished Creatures (others)
  A phantom (D:4)
1 creature vanquished.

Grand Total: 113 creatures vanquished

Notes
Turn   | Place    | Note
--------------------------------------------------------------
     0 | D:1      | potome the Gargoyle Berserker began the quest for the Orb.
     0 | D:1      | Reached XP level 1. HP: 14/14 MP: 1/1
   307 | D:1      | Reached XP level 2. HP: 12/19 MP: 2/2
   499 | D:1      | Acquired Trog's second power
   614 | D:1      | Reached XP level 3. HP: 24/24 MP: 3/3
   770 | D:2      | Found a bloodstained altar of Trog.
   879 | D:2      | Reached skill level 4 in Fighting
  1022 | D:2      | Found a sacrificial altar of Ru.
  1022 | D:2      | Found an opulent altar of Gozag.
  1274 | D:2      | Reached XP level 4. HP: 29/29 MP: 4/4
  1884 | D:3      | Found a snail-covered altar of Cheibriados.
  1930 | D:3      | Noticed a centaur
  1942 | D:3      | Killed a centaur
  1942 | D:3      | Reached XP level 5. HP: 3/34 MP: 5/5
  2482 | D:3      | Found a stormy altar of Qazlal.
  2814 | D:4      | Found Ilourodgh's Magic Scroll Shoppe.
  2974 | D:4      | Found a sand-covered staircase.
  2979 | D:4      | Reached XP level 6. HP: 33/39 MP: 6/6
  3025 | Ossuary  | Entered an ossuary
  3273 | Ossuary  | Reached skill level 1 in Stealth
  3439 | Ossuary  | Reached skill level 5 in Fighting
  3439 | Ossuary  | Reached skill level 5 in Maces & Flails
  3447 | Ossuary  | Reached XP level 7. HP: 30/44 MP: 7/7
  3552 | D:4      | Killed a phantom
  3772 | D:4      | Noticed an ogre
  3779 | D:4      | Killed an ogre
  3813 | D:4      | Mangled by an ogre

Vault maps used:
D:1:      lightli_arrival_boilingwater
D:2:      gammafunk_temple_overflow_wave, trog_three_pillars_becter
D:3:      nicolae_qazlal_general_emergency, cheibriados_altar_1, first_bread,
          serial_bayou_ford_a
D:4:      lemuel_temple_firewalk_marked, serial_shops, shop,
          nicolae_ossuary_entry_giza, portal_sewer_entry_c
Ossuary:  ossuary_tomb_2

Action                   |  1- 3 |  4- 6 |  7- 9 || total
-------------------------+-------+-------+-------++-------
Melee: Mace              |   127 |   265 |    41 ||   433
Invok: Trog's Hand       |       |     1 |     1 ||     2
       Berserk           |       |       |     1 ||     1
  Eat: Chunk             |     1 |     5 |       ||     6
       Beef jerky        |       |     1 |       ||     1
       Meat ration       |       |       |     1 ||     1
